Map: Proxima Station LE

Players

GuMiho - Winner!

  • Race: Terran Terran
  • Spawn Location: 1:00

TYTY (TY)

  • Race: Terran Terran
  • Spawn Location: 7:00

Event: IEM XI Katowice - World Championship 2017

VOD

Have the link to the VOD?

Description

Time

  • Played on: March 4, 2017, 12:13 p.m.
  • Length: 11:02

All games in this series

Show
View Real Time Build Order
Export as new Build Order

GuMiho Terran - Winner!

Build Orders: Reaper Expand, MMM Bio, Banshee Rush 

Get SALT Encoding   

  12  0:00  SCV  
  13  0:12  SCV  
  14  0:18  Supply Depot  
  14  0:24  SCV  
  14  0:27  Refinery  
  15  0:40  SCV  
  16  0:45  Barracks  
  16  0:52  SCV  
  17  1:04  SCV  
  18  1:16  SCV  
  19  1:31  Orbital Command  
  19  1:32  Reaper  
  20  1:42  Command Center  
  20  1:53  Factory  
  20  1:57  SCV  
  21  2:05  Barracks Tech Lab  
  21  2:09  SCV  
  21  2:14  Supply Depot  
  22  2:17  Refinery  
  22  2:21  SCV  
  23  2:36  SCV  
  24  2:37  Hellion  
  24  2:38  Starport  
  26  2:47  Barracks Reactor  
  26  2:48  SCV  
  27  2:54  Orbital Command  
  27  3:01  SCV  
  28  3:09  Refinery  
  28  3:13  SCV  
  28  3:16  Cloaking Field  
  28  3:18  Hellion  
  31  3:24  Banshee  
  31  3:25  SCV  
  31  3:26  SCV  
  36  3:33  Marine x2  
  38  3:38  SCV x2  
  38  3:40  Supply Depot  
  38  3:41  Factory Tech Lab  
  40  3:50  SCV x2  
  40  3:51  Marine  
  40  3:52  Marine  
  40  3:54  Supply Depot  
  44  4:02  Siege Tank  
  47  4:03  SCV  
  47  4:04  SCV  
  47  4:06  Supply Depot  
  49  4:11  Marine x2  
  49  4:15  Banshee  
  54  4:19  SCV  
  54  4:20  SCV  
  56  4:28  Supply Depot  
  56  4:30  Marine  
  56  4:31  Marine, SCV  
  57  4:32  SCV  
  57  4:36  Siege Tank  
  63  4:43  SCV  
  63  4:44  SCV  
  65  4:55  SCV  
  65  4:56  SCV  
  65  4:58  Raven, Command Center  
  69  5:06  Marine x2  
  71  5:07  SCV  
  71  5:08  Refinery  
  71  5:11  Supply Depot  
  71  5:12  Supply Depot, SCV  
  73  5:20  SCV  
  74  5:24  Marine x2, SCV  
  77  5:32  SCV  
  77  5:33  Siege Tank  
  81  5:36  SCV  
  81  5:38  Engineering Bay x2  
  79  5:44  SCV  
  79  5:48  SCV  
  81  5:55  Barracks  
  81  5:56  SCV, Barracks  
  82  5:57  Viking  
  82  5:59  Viking  
  86  6:04  Stimpack  
  86  6:08  Siege Tank  
  86  6:09  SCV x2  
  88  6:14  Orbital Command  
  88  6:21  Terran Infantry Armor Level 1, Terran Infantry Weapons Level 1, SCV  
  88  6:22  SCV  
  90  6:27  Marine  
  90  6:28  Viking  
  90  6:30  Viking  
  95  6:34  SCV x2  
  95  6:38  Supply Depot  
  97  6:41  Supply Depot  
  97  6:44  SCV  
  97  6:46  SCV  
  97  6:47  SCV  
  99  6:50  Barracks Reactor x2  
  99  6:51  Refinery x2  
  99  6:55  Barracks  
  99  6:56  SCV, Barracks  
  99  7:09  Viking x2  
  99  7:10  Siege Tank  
  99  7:11  SCV x2  
  107  7:18  SCV  
  108  7:22  Marine  
  108  7:23  SCV x2  
  108  7:24  Armory  
  108  7:25  Supply Depot  
  111  7:31  Supply Depot, Marine  
  111  7:32  Marine x3  
  115  7:39  SCV x3  
  115  7:40  Marine  
  115  7:43  Medivac x2  
  122  7:45  Barracks Reactor x2  
  122  7:52  Marine  
  122  7:53  Marine x3  
  122  7:54  Siege Tank  
  122  7:55  SCV x3  
  132  7:58  Marine  
  132  8:01  Sensor Tower  
  132  8:04  Combat Shields  
  132  8:05  Supply Depot x2  
  133  8:08  Barracks  
  133  8:09  Barracks  
  133  8:10  Barracks  
  133  8:13  Marine  
  133  8:14  Marine x3  
  133  8:16  Marine  
  137  8:23  Marine x4, Missile Turret  
  137  8:26  Medivac x2  
  145  8:31  Marine  
  145  8:32  Marine  
  147  8:36  Marine x3  
  147  8:41  Marine x4  
  150  8:45  Supply Depot  
  154  8:49  Marine x2  
  154  8:53  Marine  
  157  9:06  Marine x5  
  155  9:14  Marine x4  
  155  9:15  Barracks Reactor x2  
  155  9:16  Barracks Reactor  
  151  9:18  Siege Tank, Medivac x2  
  151  9:24  Marine x5  
  157  9:27  Supply Depot  
  157  9:28  Supply Depot  
  157  9:30  Supply Depot  
  162  9:34  Marine x3  
  165  9:48  Supply Depot  
  165  9:49  Marine x6, Supply Depot  
  165  9:52  Marine  
  169  9:58  Marine x2  
  169  9:59  Marine x2  
  155  10:03  Marine  
  130  10:09  Marine  
  130  10:10  Marine x2  
  130  10:11  Marine  
  130  10:12  Marine x4  
  131  10:14  Marine x2  
  131  10:16  Marine x2  
  131  10:20  SCV  
  134  10:23  Marine  
  127  10:30  Marine x2  
  127  10:35  Marine x2  
  119  10:38  Marine x2  
  119  10:40  Marine  
  119  10:42  Marine  
  123  10:44  Marine  
Show
View Real Time Build Order
Export as new Build Order

TYTY Terran 

Build Orders: Reaper Expand, Bio Tank 

Get SALT Encoding   

  12  0:00  SCV  
  13  0:12  SCV  
  14  0:19  Supply Depot  
  14  0:24  SCV  
  15  0:28  Refinery  
  15  0:41  SCV  
  16  0:45  Barracks  
  16  0:53  SCV  
  17  1:05  SCV  
  18  1:17  SCV  
  19  1:31  Reaper  
  19  1:32  Orbital Command  
  20  1:46  Command Center  
  20  1:57  Factory  
  20  2:01  SCV  
  20  2:06  Barracks Reactor  
  21  2:13  SCV  
  21  2:17  Refinery  
  21  2:20  Supply Depot  
  21  2:26  SCV  
  22  2:38  SCV  
  22  2:43  Marine x2  
  25  2:47  Starport  
  25  2:50  SCV  
  26  2:53  Factory Tech Lab  
  26  2:59  Orbital Command  
  26  3:02  Marine, SCV  
  26  3:04  Marine  
  29  3:15  Siege Tank  
  29  3:16  SCV  
  33  3:22  Marine x2  
  33  3:25  SCV  
  35  3:28  SCV  
  36  3:37  SCV  
  36  3:40  Marine x2, SCV  
  40  3:45  Supply Depot  
  40  3:51  Raven  
  40  3:53  SCV  
  40  3:54  SCV  
  44  3:56  Factory Tech Lab  
  46  4:06  SCV x2  
  46  4:10  Marine  
  46  4:11  Command Center  
  46  4:12  Marine  
  48  4:18  Refinery  
  48  4:20  SCV x2  
  50  4:25  Supply Depot, Refinery  
  50  4:32  SCV  
  50  4:33  SCV  
  50  4:34  Raven  
  54  4:39  Supply Depot  
  54  4:43  Marine  
  54  4:45  Marine  
  54  4:47  SCV  
  55  4:53  SCV  
  55  4:54  Siege Tank  
  55  4:59  SCV  
  60  5:05  SCV  
  60  5:06  Supply Depot x2  
  61  5:11  SCV  
  62  5:19  SCV  
  61  5:23  Supply Depot, SCV  
  61  5:26  Viking x2  
  66  5:29  Marine  
  66  5:33  SCV  
  66  5:34  Orbital Command  
  66  5:35  Stimpack  
  68  5:39  SCV  
  68  5:46  Engineering Bay  
  68  5:47  SCV, Engineering Bay  
  69  5:51  Marine  
  69  5:52  SCV  
  71  5:57  Viking  
  71  5:59  Viking, Orbital Command  
  71  6:01  SCV  
  76  6:08  SCV  
  76  6:09  Marine  
  77  6:13  Terran Infantry Armor Level 1, Terran Infantry Weapons Level 1, Supply Depot  
  77  6:17  SCV  
  78  6:19  Siege Tank  
  78  6:20  SCV  
  78  6:24  SCV  
  83  6:29  SCV  
  83  6:31  Viking x2  
  89  6:32  SCV  
  89  6:35  Barracks  
  89  6:37  Marine  
  89  6:38  SCV  
  89  6:39  Barracks  
  90  6:41  SCV  
  90  6:45  SCV  
  92  6:51  SCV  
  92  6:53  Supply Depot, Siege Tank  
  92  6:54  Barracks  
  96  6:55  Barracks  
  96  6:59  SCV  
  96  7:00  SCV  
  98  7:03  SCV  
  98  7:16  Marine  
  98  7:18  Medivac x2  
  98  7:20  SCV x3  
  98  7:22  Refinery  
  102  7:23  Factory, Refinery  
  102  7:26  Barracks Reactor x2  
  102  7:32  SCV x3  
  102  7:34  Marine  
  106  7:37  Armory, Missile Turret  
  106  7:42  Missile Turret  
  108  7:45  Barracks Reactor x2  
  108  7:46  Siege Tank  
  108  7:48  SCV x2  
  111  7:52  Marine  
  111  7:53  Combat Shields  
  111  7:54  SCV  
  111  7:58  Supply Depot x2  
  113  8:00  SCV  
  113  8:02  SCV  
  115  8:05  Liberator  
  115  8:06  Liberator  
  115  8:10  Marine  
  115  8:12  Marine, Factory Tech Lab  
  117  8:18  Supply Depot  
  117  8:19  Marine x3, Supply Depot  
  120  8:23  Siege Tank  
  129  8:27  Marine x4  
  133  8:39  Marine x5, Siege Tank, Supply Depot  
  133  8:40  Supply Depot  
  133  8:41  Supply Depot  
  141  8:45  Marine x2  
  141  8:46  Supply Depot, Terran Infantry Weapons Level 2  
  141  8:47  Supply Depot  
  142  8:49  Marine x2  
  142  8:57  Marine x3, Siege Tank  
  147  9:04  Supply Depot  
  147  9:07  Viking x2  
  147  9:09  Marine  
  140  9:17  Marine x2  
  144  9:28  Marine x3  
  144  9:29  Siege Tank  
  148  9:37  Marine, Medivac  
  151  9:43  SCV x2  
  152  9:50  Marine x2  
  138  10:01  Siege Tank  
  138  10:02  Marine x4  
  130  10:19  Marine x5  
  133  10:24  Marine  
  133  10:25  Marine x2  
  134  10:29  SCV  
  134  10:33  Marine  
  119  10:37  Marine x2  
  119  10:40  SCV x2  
  106  10:59  Starport  

Tags
 
Add a new tag
Caveats
  • Supply blocks, unpowered buildings, or Contaminate may cause inaccurate times.
  • Supply counts are checked every 10 seconds.